 Dungeon Crawl Stone Soup version 0.27.1-3-gb3d3a73c9e (webtiles) character file.

Game seed: 6565590543738983794

1523 MisterFreud the Carver (level 8, -9/74 HPs)
             Began as a Minotaur Abyssal Knight on Oct 12, 2021.
             Was a Believer of Lugonu.
             Mangled by an orc warrior (15 damage)
             ... on level 6 of the Dungeon.
             The game lasted 00:07:43 (6373 turns).

MisterFreud the Carver (Minotaur Abyssal Knight)    Turns: 6373, Time: 00:07:44

Health: -9/74      AC:  6    Str: 18    XL:     8   Next: 54%
Magic:  17/17      EV: 11    Int:  9    God:    Lugonu [**....]
Gold:   327        SH:  0    Dex: 11    Spells: 7/7 levels left

rFire    . . .     SeeInvis .   n - +0 long sword
rCold    + . .     Faith    .   (no shield)
rNeg     . . .     Spirit   .   b - +0 leather armour
rPois    .         Reflect  .   (helmet restricted)
rElec    .         Harm     .   j - +0 cloak
rCorr    .         Rampage  .   u - +0 pair of gloves
Will     .....                  (no boots)
Stlth    +.........             (no amulet)
HPRegen  0.22/turn              e - ring of protection from cold
MPRegen  0.15/turn              l - ring of magical power

@: no status effects
A: horns 2, retaliatory headbutt
a: Renounce Religion, Depart the Abyss, Bend Space


You were on level 6 of the Dungeon.
You worshipped Lugonu.
Lugonu was pleased with you.
You visited 1 branch of the dungeon, and saw 6 of its levels.
You visited the Abyss 1 time.

You collected 327 gold pieces.

Inventory:

Hand Weapons
 a - a +1 falchion
 n - a +0 long sword (weapon)
Missiles
 d - 3 javelins
 f - 2 boomerangs
 i - 8 atropa-tipped darts
 A - 30 poisoned darts (quivered)
 C - 7 curare-tipped darts
Armour
 b - a +0 leather armour (worn)
 j - a +0 cloak (worn)
 u - a +0 pair of gloves (worn)
Jewellery
 e - a ring of protection from cold (left hand)
 l - a ring of magical power (right hand)
 m - a ring of ice
Wands
 k - a wand of digging (4)
 w - a wand of mindburst (18)
 z - a wand of flame (20)
Scrolls
 c - a scroll of vulnerability {unknown}
 g - 2 scrolls of enchant weapon {unknown}
 h - 3 scrolls of teleportation
 o - a scroll of immolation
 p - a scroll of summoning
 q - a scroll of noise {unknown}
 t - a scroll of amnesia
 v - 2 scrolls of fear {unknown}
 y - a scroll of torment
 E - a scroll of fog {unknown}
 F - a scroll of identify
 G - 2 scrolls of magic mapping {unknown}
 H - a scroll of enchant armour {unknown}
 I - a scroll of acquirement {unknown}
Potions
 r - a potion of cancellation
 s - 2 potions of curing
 x - 2 potions of resistance {unknown}
 B - a potion of magic {unknown}
 D - a potion of flight {unknown}


   Skills:
 - Level 8.0 Fighting
 - Level 10.0 Long Blades
 + Level 5.1 Armour
 - Level 1.1 Dodging
 - Level 1.7 Invocations


You had 7 spell levels left.
You didn't know any spells.
Your spell library contained the following spells:

 Spells                   Type           Power      Damage    Failure   Level
 Freezing Cloud           Conj/Ice/Air   0%         6-21      100%        5
 Simulacrum               Ice/Necr       0%         N/A       100%        6
 Polar Vortex             Ice            0%         N/A       100%        9


Dungeon Overview and Level Annotations

Branches:
Dungeon (6/15)             Temple (0/1) D:6

Altars:
Dithmenos
Fedhas
Kikubaaqudgha
Okawaru
Qazlal
Wu Jian
Yredelemnul

Annotations:
D:6 2 transporters, diceflayer's ghost, novice MiFi


Innate Abilities, Weirdness & Mutations

You have a pair of horns on your head.
You reflexively headbutt those who attack you in melee.


Message History

The orc wizard gestures wildly while chanting.
The orc wizard flickers and vanishes!
Deactivating autopickup; reactivate with Ctrl-A.
Throw: 33 darts (poison)
Press: ? - help, Q - select action, (/) - cycle Shift-Dir - straight line, f - orc warrior
Aim: an orc warrior, wielding a +0 flail and wearing a +0 chain mail (severely wounded, 57% to hit)
You throw a poisoned dart.
The poisoned dart closely misses the orc warrior.
The orc warrior closely misses you.
You riposte.
You barely miss the orc warrior.
The orc warrior is severely wounded.
Unknown command.
Throw: 32 darts (poison)
Press: ? - help, Q - select action, (/) - cycle Shift-Dir - straight line, f/p - orc warrior
Aim: an orc warrior, wielding a +0 flail and wearing a +0 chain mail (severely wounded, 57% to hit)
You throw a poisoned dart. The poisoned dart hits the orc warrior.
The orc warrior is severely wounded.
The orc warrior barely misses you.
You riposte.
You hit the orc warrior but do no damage.
The orc warrior is severely wounded.
Throw: 31 darts (poison)
Press: ? - help, Q - select action, (/) - cycle Shift-Dir - straight line, f/p - orc warrior
Aim: an orc warrior, wielding a +0 flail and wearing a +0 chain mail (severely wounded, 57% to hit)
You throw a poisoned dart. The poisoned dart hits the orc warrior.
The orc warrior is poisoned.
The orc warrior is severely wounded.
The orc warrior hits you with a +0 flail!!
You closely miss the orc warrior. Your headbutt misses the orc warrior.
The orc warrior is severely wounded.
The orc warrior hits you but does no damage.
You hit the orc warrior but do no damage.
The orc warrior is severely wounded.
The orc warrior hits you with a +0 flail!!
* * * LOW HITPOINT WARNING * * *
You hit the orc warrior but do no damage.
The orc warrior is severely wounded.
Okay, then.
The orc warrior looks more healthy.
The orc warrior hits you with a +0 flail!
You die...

####### #.#
#©....V ..# #.....
#(# #..# #(# #..#
. #(# #..##.. #o#
#.....©.. #.#
#..##?..## #o#
#..# ...8# #@#
#..##...##. #.#
#........... #.#
#nZzW!(?.... #.#
############# #.#
......©...... #.#
#.#.#...###.# #.#
..#.##[## #.#.##.#
#†#.#..####.#.##.#


You could see an orc warrior and an orc.

Vanquished Creatures
  Sigmund (D:4)
  Menkaure (D:6)
  A sky beast (D:4)
  An ogre (D:4)
  A kobold brigand (D:5)
  A phantom (D:6)
  6 scorpions
  2 hounds
  2 jellies
  A centaur skeleton (D:2)
  An orc priest (D:5)
  A bullfrog skeleton (D:5)
  Ijyb (D:4)
  5 iguanas
  An orc wizard (D:5)
  A killer bee zombie (D:5)
  7 adders
  A white imp (D:5)
  A worm (D:3)
  A dart slug (D:2)
  8 orcs
  8 bats
  11 endoplasms
  8 giant cockroaches
  13 goblins
  A hobgoblin (D:2)
  12 kobolds
  3 quokkas
  7 ball pythons
  2 frilled lizards
  5 rats
115 creatures vanquished.

Vanquished Creatures (others)
  7 plants (D:4)
7 creatures vanquished.

Grand Total: 122 creatures vanquished

Notes
Turn   | Place    | Note
-------+----------+-------------------------------------------
     0 | Abyss:1  | MisterFreud the Minotaur Abyssal Knight began the quest for
                  | the Orb.
     0 | Abyss:1  | Reached XP level 1. HP: 19/19 MP: 1/1
   123 | Abyss:1  | Noticed a flying skull
   129 | D:1      | Escaped the Abyss
   303 | D:1      | Reached XP level 2. HP: 26/28 MP: 2/2
   338 | D:1      | Reached * piety under Lugonu
   981 | D:2      | Reached skill level 5 in Fighting
  1018 | D:2      | Reached XP level 3. HP: 32/36 MP: 3/3
  1176 | D:2      | Found a blossoming altar of Fedhas.
  1443 | D:2      | Reached XP level 4. HP: 40/44 MP: 4/4
  1930 | D:3      | Reached ** piety under Lugonu
  2304 | D:4      | Found an iron altar of Okawaru.
  2325 | D:4      | Noticed a sky beast
  2332 | D:4      | Killed a sky beast
  2333 | D:4      | Reached XP level 5. HP: 31/53 MP: 5/5
  2663 | D:4      | Noticed Ijyb
  2663 | D:4      | Noticed an ogre
  2669 | D:4      | Killed Ijyb
  2670 | D:4      | Reached skill level 3 in Long Blades
  2670 | D:4      | Reached XP level 6. HP: 57/61 MP: 6/6
  2679 | D:4      | Reached skill level 4 in Long Blades
  3058 | D:4      | Reached skill level 5 in Long Blades
  3093 | D:4      | Noticed Sigmund
  3119 | D:4      | Killed Sigmund
  3120 | D:4      | Reached skill level 6 in Long Blades
  3120 | D:4      | Reached XP level 7. HP: 46/68 MP: 7/7
  3440 | D:5      | Entered Level 5 of the Dungeon
  3917 | D:5      | Reached skill level 7 in Long Blades
  4214 | D:5      | Found an ornate altar of the Wu Jian Council.
  4214 | D:5      | Found a stormy altar of Qazlal.
  4215 | D:5      | Found an ancient bone altar of Kikubaaqudgha.
  4215 | D:5      | Found a shadowy altar of Dithmenos.
  4265 | D:5      | Reached skill level 8 in Long Blades
  5255 | D:5      | Reached skill level 9 in Long Blades
  5255 | D:5      | Reached XP level 8. HP: 73/74 MP: 8/8
  5718 | D:6      | Found a staircase to the Ecumenical Temple.
  5800 | D:6      | Found a basalt altar of Yredelemnul.
  5904 | D:6      | Noticed Menkaure
  5916 | D:6      | Killed Menkaure
  5917 | D:6      | Reached skill level 10 in Long Blades
  6278 | D:6      | Found a transporter.
  6279 | D:6      | Found a transporter.
  6279 | D:6      | Noticed diceflayer's ghost (novice MiFi)
  6353 | D:6      | Reached skill level 5 in Armour
  6373 | D:6      | Mangled by an orc warrior

Illustrated notes

Levels and vault maps discovered:
D:1:      tarquinn_simple_flora_water_e, layout_basic
D:2:      layout_basic, basic_altar, minmay_goblin_outpost
D:3:      layout_rooms, grunt_ministairs_13, minmay_statues_item
D:4:      layout_loops_ring, mainiacjoe_overflow_alcove_1, serial_bayou_pond_a,
          uniq_ijyb, uniq_sigmund
D:5:      layout_basic, minitemple
D:6:      layout_basic, mainiacjoe_overflow_catwalk,
          minmay_temple_entry_mini_moons, gammafunk_ghost_mausoleum,
          uniq_menkaure

Skill      XL: |  1  2  3  4  5  6  7  8 |
---------------+-------------------------+-----
Fighting       | 4 5 6 7 8 |  8.0
Long Blades    | 3 6 9 10 | 10.0
Armour         | 5 |  5.1
Dodging        | |  1.1
Invocations    | |  1.7

Action                   |  1- 3 |  4- 6 |  7- 9 || total
-------------------------+-------+-------+-------++-------
Melee: Falchion          |    49 |       |       ||    49
       Headbutt          |    16 |    26 |    23 ||    65
       Long sword        |     6 |    88 |   150 ||   244
Throw: Dart              |       |     8 |     9 ||    17
Invok: Depart the Abyss  |     1 |       |       ||     1
  Use: Scroll            |       |       |     7 ||     7
       Potion            |       |       |     2 ||     2
Armor: Leather armour    |    26 |    22 |    38 ||    86
Dodge: Dodged            |    50 |    58 |    79 ||   187
       Rpst.: Falchion   |     8 |       |       ||     8
       Long sword        |     1 |    14 |    20 ||    35
